Map: Amygdala

Players

UnbcmngDuck - Winner!

  • Race: Zerg Zerg
  • Spawn Location: 1:00

GangusKaun

  • Race: Protoss Protoss
  • League: Gold
  • Spawn Location: 7:00

VOD

Have the link to the VOD?

Description

Time

  • Played on: Dec. 8, 2024, 3:27 p.m.
  • Length: 4:57
Show
View Real Time Build Order
Export as new Build Order

UnbcmngDuck Zerg - Winner!

Build Orders: Hatch First 

Get SALT Encoding   

  12  0:06  Drone  
  13  0:09  Drone  
  14  0:17  Extractor  
  14  0:18  Drone  
  15  0:53  Hatchery  
  14  0:59  Drone, Extractor  
  15  1:07  Overlord  
  15  1:27  Spawning Pool  
  15  1:28  Drone  
  15  1:39  Drone x2  
  17  1:44  Extractor  
  17  1:45  Drone  
  17  1:50  Drone  
  18  2:02  Drone  
  18  2:05  Drone  
  20  2:13  Queen  
  20  2:15  Drone  
  23  2:20  Drone  
  24  2:24  Queen  
  24  2:27  Zergling x4  
  28  2:37  Overlord  
  28  2:42  Overlord  
  28  3:05  Drone x4  
  31  3:27  Zergling x2  
  31  3:28  Zergling x12  
  31  3:32  Drone  
  39  3:37  Queen x2  
  43  3:49  Roach Warren, Overlord  
  43  3:50  Overlord  
  42  4:28  Overlord  
  42  4:29  Roach x2  
  42  4:30  Roach x5, Zergling x4  
Show
View Real Time Build Order
Export as new Build Order

GangusKaun Protoss 

Build Orders: 1 Gate Expand, Oracle Opening 

Get SALT Encoding   

  12  0:01  Probe  
  13  0:13  Probe  
  14  0:22  Pylon  
  14  0:25  Probe  
  15  0:40  Probe  
  15  0:42  Gateway  
  16  0:52  Assimilator  
  16  0:53  Probe  
  17  1:05  Probe  
  18  1:17  Probe  
  19  1:29  Probe  
  19  1:31  Nexus  
  20  1:41  Probe  
  21  1:48  Cybernetics Core  
  21  1:53  Probe  
  22  2:01  Assimilator  
  22  2:04  Pylon  
  22  2:10  Probe  
  22  2:15  Adept  
  23  2:17  Warp Gate, Gateway  
  25  2:30  Probe  
  26  2:42  Probe  
  27  2:52  Adept  
  27  2:53  Probe  
  27  2:56  Probe  
  31  3:01  Probe  
  31  3:03  Stargate  
  32  3:09  Shield Battery  
  32  3:10  Probe  
  33  3:22  Adept x2  
  33  3:24  Shield Battery  
  37  3:39  Twilight Council  
  37  3:44  Oracle  
  40  4:07  Adept x2  
  44  4:32  Assimilator  
  44  4:33  Assimilator  
Tags
 
Add a new tag
Caveats
  • Supply blocks, unpowered buildings, or Contaminate may cause inaccurate times.
  • Supply counts are checked every 10 seconds.